 Dungeon Crawl Stone Soup version 0.22.1-5-g62c59d9 (webtiles) character file.

312 Fang the Skirmisher (level 6, 0/39 HPs)
             Began as a Gargoyle Berserker on Jan 7, 2019.
             Was a Believer of Trog.
             Slain by an ogre
             ... wielding a cursed -3 giant club
              (27 damage)
             ... on level 4 of the Dungeon.
             The game lasted 00:04:06 (3970 turns).

Fang the Skirmisher (Gargoyle Berserker)            Turns: 3970, Time: 00:04:07

Health: 0/39       AC:  6    Str: 23    XL:     6   Next: 42%
Magic:  15/15      EV: 12    Int:  7    God:    Trog [**....]
Gold:   268        SH:  0    Dex:  9    Spells: 5/5 levels left

rFire    . . .     SeeInvis .   a - +0 hand axe
rCold    . . .     Gourm    .   (no shield)
rNeg     + . .     Faith    .   b - +0 animal skin
rPois    ∞         Spirit   .   (no helmet)
rElec    +         Reflect  .   (no cloak)
rCorr    .         Harm     .   (no gloves)
MR       .....                  (no boots)
Stlth    +.........             i - amulet of rage
HPRegen  0.13/turn              q - ring of magical power
MPRegen  0.14/turn              (no ring)

@: no status effects
A: negative energy resistance 1, electricity resistance, unbreathing,
petrification resistance, rot immunity, AC +4
a: Berserk, Trog's Hand, Renounce Religion, Evoke Berserk Rage


You were on level 4 of the Dungeon.
You worshipped Trog.
Trog was pleased with you.
You were not hungry.

You visited 1 branch of the dungeon, and saw 4 of its levels.

You collected 268 gold pieces.

Inventory:

Hand Weapons
 a - a +0 hand axe (weapon)
Armour
 b - a +0 animal skin (worn)
Jewellery
 i - an amulet of rage (around neck)
 q - a ring of magical power (left hand)
Scrolls
 d - 3 scrolls of remove curse {unknown}
 f - a scroll of immolation {unknown}
 j - a scroll of enchant weapon {unknown}
 k - a scroll of teleportation {unknown}
 m - 3 scrolls of identify {unknown}
 r - 2 scrolls of amnesia {unknown}
Potions
 e - a potion of heal wounds {unknown}
 g - a potion of might {unknown}
 h - a potion of berserk rage {unknown}
 l - a potion of flight {unknown}
 n - a potion of magic {unknown}
 o - a potion of mutation {unknown}
 p - a potion of ambrosia {unknown}
Comestibles
 c - 4 rations
 s - a chunk of flesh


   Skills:
 + Level 4.7 Fighting
 + Level 4.6 Axes
 + Level 2.4 Armour
 + Level 2.9 Dodging
 + Level 1.1 Stealth


You had 5 spell levels left.
You didn't know any spells.
Your spell library was empty.

Dungeon Overview and Level Annotations

Branches:
Dungeon (4/15)
 Temple: D:4-7

Altars:
Ashenzari
Elyvilon


Innate Abilities, Weirdness & Mutations

You are resistant to torment.
Your stone body is resilient. (AC +4)
You are immune to poison.
You resist negative energy. (rN+)
You are resistant to electric shocks. (rElec)
You can survive without breathing.
You are immune to petrification.
You are immune to rotting.


Message History

The ogre barely misses you.
You barely miss the ogre.
The ogre is lightly wounded.
The ogre hits you with a giant club!
You barely miss the ogre.
The ogre is lightly wounded.
The ogre barely misses you.
You hit the ogre.
The ogre is lightly wounded.
The ogre closely misses you.
You hit the ogre.
The ogre is moderately wounded.
The ogre closely misses you.
You barely miss the ogre.
The ogre is moderately wounded.
You hit the ogre.
The ogre is heavily wounded.
The ogre hits you with a giant club!!
Ouch! That really hurt!
You die...

#...### #.# #..#
#.....# #.. ...
#.###.######.# #.
#(........ ..# #
#..#####.. #.# #..#
# #.# #..# #. #.#
#..#####..###.#
#..@O.........####.#
#......[...........#
#..####..$. #..# #
...?# ... #..#####
.##... . #.>..... #
##.# #......# #.#
##...#.## #.
..........#
####...###.


You could see an ogre.

Vanquished Creatures
  A phantom (D:2)
  Terence (D:2)
  Natasha (twice) (D:2)
  A worker ant (D:2)
  6 adders
  An ooze (D:2)
  2 worms (D:2)
  A dart slug (D:1)
  A leopard gecko (D:2)
  4 orcs (D:3)
  2 ball pythons
  5 bats
  A giant cockroach (D:3)
  9 goblins
  6 hobgoblins
  3 jackals (D:4)
  6 kobolds
  A quokka (D:3)
  3 frilled lizards
  5 rats
61 creatures vanquished.

Notes
Turn   | Place    | Note
-------+----------+-------------------------------------------
     0 | D:1      | Fang the Gargoyle Berserker began the quest for the Orb.
     0 | D:1      | Reached XP level 1. HP: 14/14 MP: 1/1
   115 | D:1      | Found a shattered altar of Ashenzari.
   125 | D:1      | Reached XP level 2. HP: 19/19 MP: 2/2
   753 | D:2      | Reached XP level 3. HP: 24/24 MP: 3/3
   796 | D:2      | Reached ** piety under Trog
   831 | D:2      | Reached XP level 4. HP: 9/29 MP: 4/4
  1031 | D:2      | Noticed Terence
  1044 | D:2      | Killed Terence
  1466 | D:2      | Noticed a phantom
  1533 | D:2      | Killed a phantom
  1533 | D:2      | Reached XP level 5. HP: 6/34 MP: 5/5
  1849 | D:2      | Noticed Natasha
  1869 | D:2      | Killed Natasha
  2066 | D:2      | Noticed Natasha
  2074 | D:2      | Killed Natasha
  2074 | D:2      | Reached skill level 1 in Stealth
  2074 | D:2      | Reached XP level 6. HP: 23/39 MP: 6/6
  3861 | D:4      | Found a white marble altar of Elyvilon.
  3970 | D:4      | Slain by an ogre

Skill      XL: |  1  2  3  4  5 |
---------------+----------------+-----
Axes           | 3 4 |  4.6
Fighting       | 4 |  4.7
Dodging        | 2 |  2.9
Stealth        | 1 |  1.1
Armour         | |  2.4

Action                   |  1- 3 |  4- 6 || total
-------------------------+-------+-------++-------
Melee: Hand axe          |    75 |   177 ||   252
Invok: Berserk           |       |     2 ||     2
  Eat: Ration            |       |     2 ||     2
       Chunk             |       |     5 ||     5
Armor: Animal skin       |    26 |    48 ||    74
Dodge: Dodged            |    45 |    98 ||   143
